 Dungeon Crawl Stone Soup version 0.30.1-9-gdf580d7c3d (webtiles) character file.

Game seed: 10805904424549737590

636 ChrisAssaf the Conjurer (level 7, -6/49 HPs)
             Began as a Human Conjurer on Oct 25, 2023.
             Mangled by a mummy (14 damage)
             ... in an ossuary.
             The game lasted 00:11:34 (1479 turns).

ChrisAssaf the Conjurer (Human Conjurer)            Turns: 1479, Time: 00:11:34

Health: -6/49      AC:  9    Str:  7    XL:     7   Next: 79%
Magic:  0/11       EV: 12    Int: 21    God:
Gold:   38         SH:  0    Dex: 11    Spells: 3/12 levels left

rFire   . . .        b - +0 dagger
rCold   . . .        (no shield)
rNeg    . . .        a - +1 robe
rPois   .            (no helmet)
rElec   .            (no cloak)
rCorr   .            e - +2 pair of gloves
SInv    .            l - +2 pair of boots
Will    .....        (no amulet)
Stlth   ++           (no ring)
HPRegen 0.28/turn    (no ring)
MPRegen 0.12/turn

%: no passive effects
@: on berserk cooldown, slowed, very slow
A: no striking features
a: no special abilities


You were in an ossuary.
You visited 1 branch of the dungeon, and saw 4 of its levels.
You also visited: Ossuary.

You collected 38 gold pieces.

Inventory:

Hand Weapons
 b - a +0 dagger (weapon)
 g - a +0 sling
Armour
 a - a +1 robe (worn)
 e - a +2 pair of gloves (worn)
 l - a +2 pair of boots (worn)


   Skills:
 * Level 1.8 Fighting
 * Level 0.1 Short Blades
 * Level 3.1 Ranged Weapons
 * Level 1.9 Armour
 * Level 2.7 Dodging
 * Level 3.1 Stealth
 * Level 3.0 Spellcasting
 * Level 5.4 Conjurations
 * Level 1.8 Hexes
 * Level 1.0 Air Magic
 * Level 1.0 Poison Magic
 * Level 1.0 Evocations


You had 3 spell levels left.
You knew the following spells:

 Your Spells              Type           Power      Damage    Failure   Level
a - Magic Dart            Conj           100%       1d8       1%          1
b - Searing Ray           Conj           52%        2d6       2%          2
c - Dazzling Flash        Conj/Hex       36%        N/A       9%          3
d - Mephitic Cloud        Conj/Pois/Air  13%        N/A       14%         3

Your spell library contained the following spells:

 Spells                   Type           Power      Damage    Failure   Level
 Call Imp                 Summ           6%         N/A       21%         2
 Frozen Ramparts          Ice            6%         1d1       36%         3
 Fulminant Prism          Conj/Hex       9%         3d7       30%         4
 Iskenderun's Mystic Bla  Conj/Tloc      14%        2d5       41%         4
 Ice Form                 Ice/Tmut       3%         N/A       78%         4
 Summon Ice Beast         Ice/Summ       3%         N/A       78%         4


Dungeon Overview and Level Annotations

Branches:
Dungeon (4/15)            Ossuary (1/1)
 Temple: D:4-7

Altars:

Shops:
D:3 [


Message History

You see here a scroll of teleportation.
You feel your anger nearly subside.
You are no longer berserk.
You are exhausted.
You feel yourself slow down. The mummy barely misses you.
You hit the mummy.
The mummy is moderately damaged.
The mummy misses you. The mummy hits you!
* * * LOW HITPOINT WARNING * * *
The mummy misses you. The mummy barely misses you.
The mummy closely misses you. The mummy hits you.
* * * LOW HITPOINT WARNING * * *
You see here a scroll of teleportation.
Aiming: Searing Ray (safe; 2% risk of failure)
Press: ? - help, Q - select action, (/) - cycle Shift-Dir - straight line, f - mummy
Aim: a mummy (moderately damaged, 90% to hit)
The searing ray hits the mummy.
The mummy is heavily damaged.
The searing ray hits the mummy.
The mummy is moderately damaged. (Press . to maintain the ray.)
You feel a little less mighty now. The mummy closely misses you.
The searing ray hits the mummy.
The mummy is severely damaged.
The searing ray hits the mummy!
The mummy is severely damaged.
The mummy misses you.
The searing ray hits the mummy.
The mummy is almost destroyed.
The mummy closely misses you. The mummy hits you but does no damage.
The mummy closely misses you.
The searing ray hits the mummy!
You destroy the mummy!
You finish channelling your searing ray.
The mummy barely misses you. The mummy closely misses you. x2
You see here 9 gold pieces.
The mummy hits you!
You die...

..............#
#........##'#
#......##..##
##...M##....##
#...M#......##
#....#......$#
#...M#....?!$#
#....#....M$$#
#....#...@MM##
#....##..!$$#
#....##..!$##
#.∩∩.###.!$#
###### #####


You could see 3 mummies.

Vanquished Creatures
  Grinder (D:3)
  An ogre (D:4)
  Blork the orc (D:4)
  A scorpion (D:4)
  A hound (D:4)
  Ijyb (D:3)
  An iguana (D:4)
  4 mummies (Ossuary)
  3 gnolls (D:4)
  2 adders
  An ufetubus (D:4)
  A worm (D:3)
  2 dart slugs
  5 bats
  6 endoplasms
  4 hobgoblins
  2 jackals (D:3)
  4 kobolds
  A quokka (D:1)
  3 ball pythons (D:1)
  2 frilled lizards
  7 goblins
  3 hobgoblin zombies (Ossuary)
  3 kobold zombies (Ossuary)
  2 orc zombies (Ossuary)
  2 rats
64 creatures vanquished.

Notes
Turn   | Place    | Note
-------+----------+-------------------------------------------
     0 | D:1      | ChrisAssaf the Human Conjurer began the quest for the Orb.
     0 | D:1      | Reached XP level 1. HP: 13/13 MP: 3/3
    58 | D:1      | Reached XP level 2. HP: 19/19 MP: 1/5
    61 | D:1      | Learned a level 2 spell: Searing Ray
   429 | D:2      | Reached XP level 3. HP: 24/24 MP: 3/6
   435 | D:2      | Learned a level 3 spell: Dazzling Flash
   521 | D:3      | Found Ycziob's Antique Armour Emporium.
   843 | D:3      | Noticed Grinder
   872 | D:3      | Paralysed by Grinder for 3 turns
   888 | D:3      | Killed Grinder
   889 | D:3      | Reached skill level 1 in Fighting
   889 | D:3      | Reached skill level 1 in Ranged Weapons
   889 | D:3      | Reached skill level 1 in Armour
   889 | D:3      | Reached skill level 5 in Conjurations
   889 | D:3      | Reached skill level 1 in Hexes
   889 | D:3      | Reached XP level 4. HP: 22/32 MP: 1/8
   889 | D:3      | Reached XP level 5. HP: 25/37 MP: 1/9
   889 | D:3      | Reached XP level 6. HP: 30/43 MP: 1/10
   906 | D:3      | Learned a level 3 spell: Mephitic Cloud
   964 | D:3      | Noticed Ijyb
   998 | D:3      | Killed Ijyb
  1214 | D:4      | Noticed Blork the orc
  1221 | D:4      | Killed Blork the orc
  1222 | D:4      | Reached XP level 7. HP: 48/48 MP: 2/11
  1278 | D:4      | Found a sand-covered staircase.
  1296 | Ossuary  | Entered an ossuary
  1378 | Ossuary  | Reached skill level 1 in Poison Magic
  1400 | Ossuary  | Reached skill level 1 in Air Magic
  1414 | Ossuary  | Reached skill level 1 in Evocations
  1479 | Ossuary  | Mangled by a mummy

Illustrated notes

Levels and vault maps discovered:
D:1:      tarquinn_simple_flora_water_d, layout_basic,
          hellmonk_ecumenical_altar_pennies_from_heaven, minivault_24,
          serial_bayou_pond_b, minmay_surrounded
D:2:      layout_basic, basic_altar, uniq_natasha
D:3:      layout_loops_ring, nicolae_hepliaklqana_monster_ancestors,
          lemuel_round_altar, led_sif_book, serial_shops, shop,
          minmay_close_crescents, uniq_ijyb, uniq_crazy_yiuf_cottage,
          uniq_grinder
D:4:      layout_rooms, nicolae_ossuary_entry_false_entrances,
          corexii_corridor_pit, minivault_14, uniq_blork_the_orc
Ossuary:  ossuary_tomb_3

Skill      XL: |  1  2  3  4  5  6  7 |
---------------+----------------------+-----
Fighting       | 1 |  1.8
Ranged Weapons | 1 2 3 |  3.1
Armour         | 1 |  1.9
Conjurations   | 5 |  5.4
Hexes          | 1 |  1.8
Stealth        | 3 |  3.1
Spellcasting   | 3 |  3.0
Poison Magic   | 1 |  1.0
Air Magic      | 1 |  1.0
Evocations     | 1 |  1.0
Short Blades   | |  0.1
Dodging        | |  2.7

Action                     |  1- 3 |  4- 6 |  7- 9 || total
---------------------------+-------+-------+-------++-------
  Melee: Dagger            |       |       |     5 ||     5
   Fire: Sling             |    22 |    22 |    10 ||    54
   Cast: Magic Dart        |     9 |     4 |     3 ||    16
         Searing Ray       |    21 |     8 |     7 ||    36
         Mephitic Cloud    |       |     1 |       ||     1
  Evoke: Wand              |       |     2 |     2 ||     4
    Use: Potion            |     1 |     1 |     4 ||     6
         Scroll            |     3 |     1 |     3 ||     7
 Armour: Robe              |    17 |    15 |    13 ||    45
  Dodge: Dodged            |    40 |    28 |    37 ||   105
